 Dungeon Crawl Stone Soup version 0.28-a0-938-gbc3f381ebc (webtiles) character file.

Game seed: 8903698976340035029

63 BinkBink the Chopper (level 3, -6/49 HPs)
             Began as a Minotaur Monk on Nov 28, 2021.
             Was an Initiate of Gozag.
             Mangled by an iguana (10 damage)
             ... on level 2 of the Dungeon.
             The game lasted 00:02:40 (1797 turns).

BinkBink the Chopper (Minotaur Monk)                Turns: 1797, Time: 00:02:41

Health: -6/49      AC: 21    Str: 15    XL:     3   Next: 87%
Magic:  2/2        EV:  2    Int:  7    God:    Gozag
Gold:   177        SH:  0    Dex: 13    Spells: 2/2 levels left

rFire   . . .      SeeInvis +   a - +0 hand axe
rCold   . . .      Faith    .   (no shield)
rNeg    . . .      Spirit   .   (armour currently unavailable)
rPois   +          Reflect  .   (helmet currently unavailable)
rElec   .          Harm     .   (cloak currently unavailable)
rCorr   .          Rampage  .   (gloves currently unavailable)
Will    ++...      NoTele   +   (boots currently unavailable)
Stlth   ++........              (no amulet)
HPRegen 0.16/turn               h - ring of see invisible
MPRegen 0.08/turn               (no ring)

@: mighty, tree-form, gold aura, attractive
A: stationary, stasis, torment immunity, boosted hp, (horns 2), (retaliatory
headbutt), strong-willed 2, (poison resistance)
a: Renounce Religion, Potion Petition, Call Merchant, Bribe Branch


You were on level 2 of the Dungeon.
You worshipped Gozag.
Gozag was aware of your devotion.
You were a tree.
You visited 1 branch of the dungeon, and saw 2 of its levels.

You collected 177 gold pieces.

Inventory:

Hand Weapons
 a - a +0 hand axe (weapon)
Missiles
 k - a throwing net (quivered)
Armour
 j - a +2 robe of cold resistance (melded)
Jewellery
 h - a ring of see invisible (left branch)
Scrolls
 i - a scroll of fog
Potions
 f - a potion of lignification


   Skills:
 + Level 4.1 Fighting
 + Level 4.4 Axes
 * Level 1.7 Armour
 + Level 3.9 Dodging
 - Level 1.5 Stealth


You had 2 spell levels left.
You didn't know any spells.
Your spell library contained the following spells:

 Spells                   Type           Power      Damage    Failure   Level
 Magic Dart               Conj           0%         1d3       43%         1
 Call Imp                 Summ           0%         N/A       56%         2
 Mephitic Cloud           Conj/Pois/Air  0%         N/A       80%         3


Dungeon Overview and Level Annotations

Branches:
Dungeon (2/15)

Altars:
Gozag


Innate Abilities, Weirdness & Mutations

You are a tree.
Your roots penetrate the ground, keeping you stationary.
You cannot be teleported.
You are immune to unholy pain and torment.
Your maximum health is greatly increased.
Your equipment is partially melded.
((You have a pair of horns on your head.))
((You reflexively headbutt those who attack you in melee.))
You are highly strong-willed. (Will++)
((Your system is resistant to poisons. (rPois)))


Message History

You feel more strong-willed.
You feel sick. The adder bites you but does no damage.
It was a potion of attraction.
You feel attractive to monsters.
You feel sick.
The adder bites you but does no damage. x2
It was a potion of might.
You feel very mighty all of a sudden.
You feel sick. The adder bites you but does no damage.
You slash the adder!
The adder is almost dead.
You feel sick.
You are no longer poisoned.
The adder barely misses you.
Okay, then.
As you read the scroll labelled QUELIO DYRYCS, it crumbles to dust.
Wisps of shadow whirl around you...
It was a scroll of summoning.
The adder bites you but does no damage. x2
You cannot move.
As you read the scroll labelled ADOSUN EMPYSYE, it crumbles to dust.
It is a scroll of identify.
i - a scroll of fog The adder bites you but does no damage.
You barely miss the adder.
The adder is almost dead.
The adder bites you but does no damage.
You miss the adder.
The adder is almost dead.
The adder bites you but does no damage. x2
You slash the adder!
You kill the adder!
The hobgoblin is attracted toward you.
You hit the iguana.
The iguana is moderately wounded.
The iguana bites you but does no damage.
You slash the iguana!
The iguana is almost dead.
The iguana bites you but does no damage.
The iguana bites you!
You die...
Your body crumbles into a pile of gold.

##### #..#
....######### ##.#
............# #..#
#####.#####.# ##.##
..........#.# #g.#
#####.###.#.# ##.##
#.....8...# #..#
#.#.......########.##
#...8.8.....gJ♣lg..#
#...._....##g#######
##8.8.8.8.##.#
###...#..##.#
#8.8#..##.#
#####..##.# #..##.#
#..##.## ########
#..#...########......#


You could see an iguana (ally target), a hobgoblin, a friendly endoplasm
(summoned) and 2 friendly goblins.

Vanquished Creatures
  3 adders (D:2)
  A worm (D:2)
  A dart slug (D:1)
  4 ball pythons
  2 bats
  3 endoplasms (D:1)
  7 goblins
  2 hobgoblins (D:1)
  2 kobolds
  A quokka (D:1)
  A frilled lizard (D:2)
  2 rats (D:1)
29 creatures vanquished.

Notes
Turn   | Place    | Note
-------+----------+-------------------------------------------
     0 | D:1      | BinkBink the Minotaur Monk began the quest for the Orb.
     0 | D:1      | Reached XP level 1. HP: 19/19 MP: 0/0
   318 | D:1      | Reached XP level 2. HP: 25/27 MP: 1/1
   574 | D:1      | Reached skill level 1 in Armour
  1099 | D:2      | Reached XP level 3. HP: 28/33 MP: 2/2
  1211 | D:2      | Found a faded altar of an unknown god.
  1239 | D:2      | Prayed at the altar of an unknown god.
  1239 | D:2      | Became a worshipper of Gozag Ym Sagoz the Greedy
  1787 | D:2      | Gained mutation: Your system is resistant to poisons.
                  | (rPois) [potion of mutation]
  1787 | D:2      | Gained mutation: You are strong-willed. (Will+) [potion of
                  | mutation]
  1787 | D:2      | Gained mutation: You are highly strong-willed. (Will++)
                  | [potion of mutation]
  1790 | D:2      | HP: 2/49 [poisoned by an adder]
  1797 | D:2      | Mangled by an iguana

Illustrated notes

Levels and vault maps discovered:
D:1:      matt_arrival_spirals, layout_basic
D:2:      layout_loops_ring, ebering_ecumenical_altar_ruins,
          hangedman_feature_mirror

Skill      XL: |  1  2 |
---------------+-------+-----
Armour         | 1 |  1.7
Axes           | 4 |  4.4
Fighting       | 4 |  4.1
Dodging        | |  3.9
Stealth        | |  1.5

Action                   || total
-------------------------++-------
Melee: Hand axe          ||    71
       Headbutt          ||     9
  Use: Potion            ||     4
       Scroll            ||     2
 Stab: Sleeping          ||     3
Armor: Robe              ||    17
       Skin              ||    13
Dodge: Dodged            ||    48

Table legend: (Time is in decaauts)
 A = Elapsed time spent in this place.
 B = Non-inter-level travel time spent in this place.
 C = Inter-level travel time spent in this place.
 D = Time resting spent in this place.
 E = Time spent auto-exploring this place.
 F = Levels seen in this place.
 G = Mean time per level.
                   A        B        C        D        E       F      G
               +--------+--------+--------+--------+--------+-----+--------+
         Total |   1803 |   1784 |     19 |      0 |   1526 |   2 |  901.5 |
       Dungeon |   1803 |   1784 |     19 |      0 |   1526 |   2 |  901.5 |
               +--------+--------+--------+--------+--------+-----+--------+

Top non-repeatable levels by time:
     D:1: 1068 daAuts
     D:2: 735 daAuts
